Cogmind - Beta 14 *** ADVENTURER MODE // 2024.08.22 @ 18:24:45 Player: KURIIRI Result: Destroyed by K9-2JE(z) with Zionite Laser-S Performance ------------- Evolutions (1) 500 Regions Visited (6) 1200 Robots Destroyed (106) 530 Value Destroyed (2748) 2748 Prototype IDs (13) 260 Alien Tech Used (0) 0 Bonus (1374) 1374 TOTAL SCORE: 6612 Bonus ------- High Alert Combat Kills 74 Met Imprinter 300 Destroyed Z-Imprinter 1000 Cogmind --------- Core Integrity 0/400 Matter 10/300 Energy 41/100 System Corruption 0% Temperature Cool (9) Movement Treading (170) Location -7/Deep Caves Parts ------- > --- POWER (1) -------- (None) > --- PROPULSION (2) --- Armored Treads Armored Treads > --- UTILITY (3) ------ Heat Sink Large Storage Unit > --- WEAPON (3) ------- Assault Cannon RU-N14's Throwing Claymores CR-A16's Pointy Stick > --- INVENTORY (15) --- Armored Treads Armored Treads Heat Sink Experimental Sensor Array Improved Targeting Computer Hacking Drone Bay Spread Laser Improved Medium Laser Particle Cannon Improved Assault Rifle Plasma Cutter Peak State ------------ > --- POWER ------------ Ion Engine > --- PROPULSION ------- Armored Treads Armored Treads > --- UTILITY ---------- Large Storage Unit Light Armor Plating Phasing AFG > --- WEAPON ----------- Spread Laser Improved Medium Laser Improved Assault Rifle > --- INVENTORY -------- Armored Treads Armored Treads Heat Sink Medium Storage Unit Experimental Sensor Array Improved Targeting Computer Reactive Plating Improved EM Shotgun Improved Medium Laser Particle Cannon Assault Cannon Assault Cannon Rocket Launcher Plasma Cutter Hammer [Rating: 34] Favorites ----------- Power Ion Engine Engine Ion Engine Propulsion Armored Treads Treads Armored Treads Utility Large Storage Unit Device Heat Sink Storage Large Storage Unit Processor Targeting Computer Protection Light Armor Plating Weapon Improved Medium Laser Energy Gun Improved Medium Laser Energy Cannon Particle Cannon Ballistic Gun Improved Assault Rifle Ballistic Cannon Light Cannon Launcher Rocket Launcher Special Weapon Plasma Cutter Piercing Weapon CR-A16's Pointy Stick Build | -11 -10 -10 -9 -9 -7 -7 ------- Run | Yrd Mat Min Mat Min Zio Dee Slots Evolved 2 | . . . 2 . . . Power . | . . . . . . . Propulsion . | . . . . . . . Utility 1 | . . . 1 . . . Weapon 1 | . . . 1 . . . Parts Attached 62 | 6 10 3 23 7 6 7 Power 6 | 1 2 1 2 . . . Engine 6 | 1 2 1 2 . . . Core . | . . . . . . . Reactor . | . . . . . . . Propulsion 14 | 2 3 . 7 . . 2 Treads 14 | 2 3 . 7 . . 2 Leg . | . . . . . . . Wheel . | . . . . . . . Hover . | . . . . . . . Flight . | . . . . . . . Utility 17 | 1 3 . 5 5 2 1 Device 8 | . . . 2 4 2 . Storage 3 | 1 2 . . . . . Processor 1 | . 1 . . . . . Hackware . | . . . . . . . Protection 5 | . . . 3 1 . 1 Artifact . | . . . . . . . Weapon 25 | 2 2 2 9 2 4 4 Energy Gun 9 | 1 . 2 6 . . . Energy Cannon 1 | . . . 1 . . . Ballistic Gun 4 | 1 . . 1 1 1 . Ballistic Cannon 4 | . 1 . 1 . . 2 Launcher 3 | . 1 . . 1 1 . Special Weapon 3 | . . . . . 2 1 Impact Weapon . | . . . . . . . Slashing Weapon . | . . . . . . . Piercing Weapon 1 | . . . . . . 1 Special Melee Weapon . | . . . . . . . Unidentified Prototypes 4 | . . . . 2 2 . Parts Lost 9 | . 1 1 1 . . 6 Power 2 | . 1 . . . . 1 Propulsion . | . . . . . . . Utility 4 | . . 1 1 . . 2 Weapon 3 | . . . . . . 3 Highest Loss Streak 3 | . 1 1 1 . . 3 To Critical Strikes . | . . . . . . . Average Slot Usage (%) 97 | . 97 93 98 99 100 91 Engine 11 | . 13 14 11 11 11 7 Treads 23 | . 27 28 22 22 22 22 Device 7 | . . . 11 10 11 11 Storage 11 | . 14 14 11 11 11 11 Processor 3 | . 12 7 . . . . Protection 7 | . . . 9 11 11 8 Energy Gun 19 | . 14 14 21 22 22 16 Ballistic Gun 8 | . 7 . 9 10 10 . Ballistic Cannon 3 | . 6 14 . . . 6 Peak Build Rating 34 | 6 8 8 21 33 34 25 Average Rating 16 | 3 7 7 17 21 22 21 On Entrance 12 | . 6 8 7 21 22 22 Naked Turns . | . . . . . . . Heaviest Build 44 | 14 30 30 38 39 39 44 Greatest Support 40 | 40 40 40 40 40 40 40 Greatest Overweight (x) 1 | . . . . . . 1 Average Overweight (x) . | . . . . . . . Largest Inventory Capacity 15 | 8 15 15 15 15 15 15 Average Capacity 14 | 7 12 15 15 15 15 15 Most Carried 15 | 5 15 15 15 15 15 15 Average Carried 13 | 2 8 14 14 14 14 14 Final Capacity 15 | 8 15 15 15 15 15 15 Final Carried 15 | 2 15 14 15 15 15 11 Class Distribution -------------------- 65% | Tank 30% | Mutant 4% | Gunner Dominant Class ---------------- Mutant | -10/Materials Mutant | -10/Mines Tank | -9/Materials Tank | -9/Mines Tank | -7/Zion Tank | -7/Deep Caves Resources | -11 -10 -10 -9 -9 -7 -7 ----------- Run | Yrd Mat Min Mat Min Zio Dee Matter Collected 1263 | 194 355 197 378 93 46 . Remotely . | . . . . . . . Salvage Created 3005 | . 875 272 1420 269 . 169 Parts 210 | . 60 11 101 23 . 15 Haulers Intercepted 5 | . 2 . 3 . . . Recyclers Shooed . | . . . . . . . Parts Field Recycled . | . . . . . . . Retrieved Matter . | . . . . . . . Parts Self-Destructed 2 | . . . . . 2 . Prevented . | . . . . . . . Kills | -11 -10 -10 -9 -9 -7 -7 ------- Run | Yrd Mat Min Mat Min Zio Dee Combat Hostiles Destroyed 83 | . 21 13 34 10 . 5 Guns 58 | . 11 6 33 8 . . Cannons 18 | . 9 6 1 . . 2 AOE 6 | . . 1 . 2 . 3 Classes Destroyed 11 | . 7 1 2 . . 1 Worker 8 | . 2 . 4 2 . . Builder 4 | . 3 . 1 . . . Hauler 5 | . 2 . 3 . . . Recycler 3 | . 2 1 . . . . Operator 1 | . . . 1 . . . Watcher 8 | . 3 . 5 . . . Swarmer 29 | . 9 3 13 4 . . Grunt 33 | . 12 4 11 6 . . Sentry 10 | . . . 10 . . . Z-Technician 5 | . . . . . . 5 Z-Light 4 | . . . . . . 4 Assembled 6 | . . 6 . . . . Best Kill Streak 8 | . 6 5 6 3 . 8 Combat Bots Only 5 | . 5 5 4 3 . 3 Max Kills in Single Turn 4 | . 4 1 2 2 . 3 Gunslinging 1 | . . . 1 1 . . Exploded 2 | . . 1 . 2 . 2 Melee . | . . . . . . . Uniques/NPCs Destroyed 1 | . . . . . . 1 Z-Imprinter (-7/Deep Caves) Combat | -11 -10 -10 -9 -9 -7 -7 -------- Run | Yrd Mat Min Mat Min Zio Dee Hostile Shots Fired 328 | . 72 40 95 30 . 91 Missed 99 | . 19 13 26 7 . 34 Damage Taken 3258 | . 413 334 624 174 . 1713 Core 522 | . 61 52 96 24 . 289 Absorbed by Shields . | . . . . . . . Ignored by Resistances 908 | . 124 98 187 54 . 445 Regen/Repaired (Parts) 245 | . 178 . 67 . . . Core Remaining (%) 77 | 100 . 54 . . . . Volleys Fired 391 | . 167 38 138 25 . 23 Largest 3 | . 2 2 3 3 . 3 Hottest 168 | . 85 85 168 144 . 144 Shots Fired 704 | . 221 74 315 52 . 42 Gun 582 | . 188 36 300 51 . 7 Cannon 110 | . 33 38 15 . . 24 Launcher 11 | . . . . 1 . 10 Special 1 | . . . . . . 1 Kinetic 180 | . 60 38 47 11 . 24 Thermal 505 | . 161 36 261 40 . 7 Explosive 12 | . . . . 1 . 11 Electromagnetic 7 | . . . 7 . . . Robot Hit Streak 38 | . 17 32 38 8 . 5 Robot Miss Streak 8 | . 2 2 8 4 . 4 Penetration Max . | . . . . . . . Secondary Targets 7 | . 1 . 4 2 . . Max Gunslinging Chain 1 | . 1 . 1 1 . . Shots Hit Robots 316 | . 92 54 129 24 . 17 Core Hits 205 | . 45 23 85 31 . 21 Critical Kills . | . . . . . . . Critical Parts Destroyed 1 | . . . 1 . . . Critical Strikes 20 | . 6 5 7 . . 2 Burn 15 | . 5 2 6 . . 2 Destroy 1 | . . . 1 . . . Blast 4 | . 1 3 . . . . Melee Attacks 1 | . . . . . . 1 Impact . | . . . . . . . Slashing . | . . . . . . . Piercing 1 | . . . . . . 1 Sneak Attacks . | . . . . . . . Combat Hostiles . | . . . . . . . Follow-up Attacks . | . . . . . . . Damage Inflicted 7982 | . 1668 881 2422 553 . 2458 Guns 3699 | . 935 354 1971 387 . 52 Cannons 1343 | . 370 482 168 . . 323 Explosions 2823 | . 356 41 263 140 . 2023 Melee 30 | . . . . . . 30 Ramming 57 | . 7 4 20 26 . . Kinetic 1965 | . 661 482 415 84 . 323 Thermal 4425 | . 729 395 1656 303 . 1342 Explosive 1375 | . 271 . 231 140 . 733 Electromagnetic 100 | . . . 100 . . . Impact . | . . . . . . . Slashing 30 | . . . . . . 30 Piercing 30 | . . . . . . 30 Highest Corruption . | . . . . . . . Average Corruption . | . . . . . . . Corruption Purged . | . . . . . . . Corruption Blocked . | . . . . . . . Overload Shots . | . . . . . . . Overflow Damage 445 | . 56 1 18 . . 370 Projectiles 23 | . 3 1 18 . . 1 Explosions 422 | . 53 . . . . 369 Melee . | . . . . . . . Knockbacks 9 | . 3 5 . . . 1 Impact . | . . . . . . . Kinetic 9 | . 3 5 . . . 1 Secondary . | . . . . . . . Self-Inflicted Damage 351 | . . . 23 . . 328 Shots 2 | . . . 1 . . 1 Rammed 11 | . 3 1 2 5 . . Targets Rammed 12 | . 3 1 2 6 . . Kicked . | . . . . . . . Crushed 1 | . . . . 1 . . Highest Temperature 357 | . 220 300 357 216 . 227 Average Temperature 79 | . 65 112 85 66 . 78 Received Heat Transfer 1137 | . 213 111 234 66 . 513 Effects 6 | . . . 6 . . . Shutdowns 1 | . . . 1 . . . Energy Bleed 2 | . . . 2 . . . Interference 2 | . . . 2 . . . Short Circuit 1 | . . . 1 . . . Siege Activations . | . . . . . . . Robots Corrupted . | . . . . . . . Combat Hostiles . | . . . . . . . Parts Fried . | . . . . . . . Impact Corruptions . | . . . . . . . Robots Melted 1 | . 1 . . . . . Combat Hostiles 1 | . 1 . . . . . Parts Melted 17 | . 5 3 7 1 . 1 Heat Transferred 7945 | . 2307 1234 3666 479 . 259 Parts Sabotaged . | . . . . . . . Parts Stolen . | . . . . . . . Parts Stripped . | . . . . . . . Power Chain Reactions 1 | . . . 1 . . . Alert | -11 -10 -10 -9 -9 -7 -7 ------- Run | Yrd Mat Min Mat Min Zio Dee Peak Influence 585 | . 346 267 585 221 . . Initial 142 | . . 59 30 142 . . Average 186 | . 139 147 267 123 . . Maximum Alert Level 2 | . 1 1 2 1 . . Low Security (%) 62 | 100 82 73 41 65 . . Level 1 26 | . 17 26 29 34 . . Level 2 11 | . . . 28 . . . Level 3 . | . . . . . . . Level 4 . | . . . . . . . Level 5 . | . . . . . . . High Security . | . . . . . . . Max Security . | . . . . . . . Squads Dispatched 9 | . 4 . 5 . . . Investigation 8 | . 4 . 4 . . . Extermination . | . . . . . . . Reinforcement 1 | . . . 1 . . . Assault . | . . . . . . . Garrison . | . . . . . . . Intercept . | . . . . . . . Searches Triggered . | . . . . . . . Construction Impeded . | . . . . . . . Haulers Reinforced . | . . . . . . . Active Scanning Responses . | . . . . . . . Cargo Convoy Interrupts . | . . . . . . . Stealth | -11 -10 -10 -9 -9 -7 -7 --------- Run | Yrd Mat Min Mat Min Zio Dee Distress Signals 3 | . 2 . 1 . . . Communications Jammed . | . . . . . . . Distress Signals . | . . . . . . . Times Spotted 104 | . 29 12 42 13 . 8 Peak Tracking Total 6 | . 6 3 5 4 . 5 Tactical Retreats 7 | . 2 . 3 2 . . Traps | -11 -10 -10 -9 -9 -7 -7 ------- Run | Yrd Mat Min Mat Min Zio Dee Traps Triggered 4 | . 3 . 1 . . . Indirectly . | . . . . . . . Trap Hack Attempts . | . . . . . . . Triggered . | . . . . . . . Disarmed . | . . . . . . . Reprogrammed 1 | . . . 1 . . . Reused . | . . . . . . . Traps Extracted . | . . . . . . . Installed . | . . . . . . . Triggered . | . . . . . . . Machines | -11 -10 -10 -9 -9 -7 -7 ---------- Run | Yrd Mat Min Mat Min Zio Dee Machines Disabled 48 | . 15 3 18 6 4 2 Max in Single Turn 3 | . 3 2 2 1 1 1 Machines Repaired . | . . . . . . . Machines Dismantled 4 | . . . . . 4 . Machines Sabotaged . | . . . . . . . Overloaded Fab Kills . | . . . . . . . Hacking | -11 -10 -10 -9 -9 -7 -7 --------- Run | Yrd Mat Min Mat Min Zio Dee Machines Accessed 22 | . 8 . 13 1 . . Terminals 17 | . 7 . 10 . . . Fabricators . | . . . . . . . Repair Stations 2 | . 1 . 1 . . . Recycling Units . | . . . . . . . Scanalyzers 2 | . . . 2 . . . Garrison Access . | . . . . . . . Total Hacks 82 | . 25 . 56 1 . . Successful 55 | . 17 . 37 1 . . Failed 26 | . 7 . 19 . . . Catastrophic 2 | . 1 . 1 . . . Database Lockouts 1 | . 1 . . . . . Manual 42 | . 10 . 32 . . . Terminals 69 | . 21 . 48 . . . Fabricators . | . . . . . . . Repair Stations 6 | . 4 . 2 . . . Recycling Units . | . . . . . . . Scanalyzers 6 | . . . 6 . . . Garrison Access . | . . . . . . . Terminal Hacks 33 | . 13 . 19 1 . . Record 4 | . . . 4 . . . Part Schematic 1 | . . . 1 . . . Robot Analysis 3 | . 3 . . . . . Prototype ID Bank 8 | . 4 . 4 . . . Open Door 1 | . . . . 1 . . Branch Access Points 3 | . 1 . 2 . . . Emergency Access Points 1 | . 1 . . . . . Terminal Index 1 | . . . 1 . . . Unreport Threat 5 | . 3 . 2 . . . Locate Traps 2 | . . . 2 . . . Reprogram Traps 1 | . . . 1 . . . Maintenance Status 1 | . 1 . . . . . Recall Investigation 1 | . . . 1 . . . Registered Prototypes 1 | . . . 1 . . . Fabricator Hacks . | . . . . . . . Repair Station Hacks 6 | . 4 . 2 . . . Scan Component 3 | . 2 . 1 . . . Repair 3 | . 2 . 1 . . . Recycling Unit Hacks . | . . . . . . . Scanalyzer 4 | . . . 4 . . . Insert Component 2 | . . . 2 . . . Analyze 2 | . . . 2 . . . Garrison Access Hacks . | . . . . . . . Unauthorized Hacks 12 | . . . 12 . . . Terminals 10 | . . . 10 . . . Botnet 10 | . . . 10 . . . Fabricators . | . . . . . . . Repair Stations . | . . . . . . . Recycling Units . | . . . . . . . Scanalyzers 2 | . . . 2 . . . Extract 2 | . . . 2 . . . Garrison Access . | . . . . . . . Data Cores Recovered . | . . . . . . . Used . | . . . . . . . Hacking Detections 18 | . 8 . 10 . . . Full Trace Events 10 | . 5 . 5 . . . Feedback Events . | . . . . . . . Feedback Blocked . | . . . . . . . Robot Schematics Acquired 2 | . . . . . 2 . Robots Built . | . . . . . . . Authchips . | . . . . . . . Time . | . . . . . . . Total Robot Build Rating . | . . . . . . . Part Schematics Acquired 12 | . . . 8 . 4 . Parts Built . | . . . . . . . Authchips . | . . . . . . . Time . | . . . . . . . Total Part Build Rating . | . . . . . . . Parts Repaired 3 | . 2 . 1 . . . Time 78 | . 52 . 26 . . . Parts Recycled . | . . . . . . . Recycled Matter . | . . . . . . . Retrieved Matter . | . . . . . . . Retrieved Components . | . . . . . . . Parts Scanalyzed 2 | . . . 2 . . . Part Schematics Acquired 2 | . . . 2 . . . Parts Damaged . | . . . . . . . Bothacking | -11 -10 -10 -9 -9 -7 -7 ------------ Run | Yrd Mat Min Mat Min Zio Dee Used RIF Installer . | . . . . . . . Robots Hacked . | . . . . . . . Non-combat . | . . . . . . . Combat . | . . . . . . . Robot Hacks Applied . | . . . . . . . Relay Couplers Released . | . . . . . . . Fabnet Peak Effective % . | . . . . . . . Robots Rewired . | . . . . . . . Allies Hacked . | . . . . . . . Hacks Repelled . | . . . . . . . Allies | -11 -10 -10 -9 -9 -7 -7 -------- Run | Yrd Mat Min Mat Min Zio Dee Total Allies . | . . . . . . . Largest Group . | . . . . . . . Highest-Rated Group . | . . . . . . . Highest-Rated Ally . | . . . . . . . Total Orders . | . . . . . . . Ally Attacks . | . . . . . . . Total Damage . | . . . . . . . Kills . | . . . . . . . Allies Corrupted . | . . . . . . . Allies Melted . | . . . . . . . Intel | -11 -10 -10 -9 -9 -7 -7 ------- Run | Yrd Mat Min Mat Min Zio Dee Robot Analysis Total 3 | . 3 . . . . . Derelict Logs Recovered 3 | . . . . 2 1 . Drone Launches . | . . . . . . . Drone Recoveries . | . . . . . . . Exploration | -11 -10 -10 -9 -9 -7 -7 ------------- Run | Yrd Mat Min Mat Min Zio Dee Turns Passed 8015 | 59 1571 736 2128 912 2204 405 Spaces Moved 3749 | 40 669 300 879 445 1222 194 Core 16 | 16 . . . . . . Treads 3733 | 24 669 300 879 445 1222 194 Legs . | . . . . . . . Wheels . | . . . . . . . Hover . | . . . . . . . Flight . | . . . . . . . Fastest Speed 50 | 50 160 160 160 170 170 170 Average Speed 165 | 116 160 160 162 170 170 172 Slowest Speed 250 | 160 160 160 170 170 170 250 Overloaded Moves . | . . . . . . . Propulsion Burnouts . | . . . . . . . Robots Hopped . | . . . . . . . Cave-ins Triggered . | . . . . . . . Exploration Rate (%) 63 | 4 96 49 86 84 86 41 Regions Visited 6 Branch Regions 4 Pre-discovered Areas 1 | . . . . . 1 . Known Exits Taken 2 | . 1 . 1 . . . Unknown Exits Taken 4 | 1 . 1 . 1 1 . Scrap Searched 4 | . . 1 . 1 2 . Spaces Dug . | . . . . . . . Terrain Destroyed 443 | . 206 29 197 11 . . Melee . | . . . . . . . Projectile 1 | . . . 1 . . . AOE 442 | . 206 29 196 11 . . Terrain Rammed . | . . . . . . . Walls Destroyed . | . . . . . . . Machines Disabled . | . . . . . . . Actions | -11 -10 -10 -9 -9 -7 -7 --------- Run | Yrd Mat Min Mat Min Zio Dee Total 4839 | 53 946 482 1306 552 1275 225 Wait 502 | . 77 138 222 64 1 . Move 3743 | 39 668 299 878 444 1221 194 Hop . | . . . . . . . Pick Up 50 | 8 19 1 18 1 3 . Fast Attach 14 | . 1 . 5 4 4 . Attach 23 | 6 5 1 7 . . 4 Detach . | . . . . . . . Swap 25 | . 4 2 11 3 2 3 Drop 41 | . 2 2 25 5 7 . Fire 391 | . 167 38 138 25 . 23 Melee 1 | . . . . . . 1 Ram . | . . . . . . . Kick . | . . . . . . . Crush 12 | . 3 1 2 6 . . Escape Stasis . | . . . . . . . Rewire . | . . . . . . . Trap . | . . . . . . . Miscellaneous 37 | . . . . . 37 . Route ------- -11/Scrapyard -10/Materials (discovered 4 exits: *Mat x3 / *Min) -10/Mines (discovered 2 exits: *Mat x2) -9/Materials (discovered 3 exits: [*Mat x2] / *Min) -9/Mines (discovered 2 exits: [*Mat] / *Zio) -7/Zion (discovered 2 exits: [*Dee] / [*Pro]) -7/Deep Caves History --------- Turn | Location | Event 6 | -11/Scrapyard | Discovered new exit (range 16) 60 | -11/Scrapyard | Entered Materials 303 | -10/Materials | Build established: Mutant 345 | -10/Materials | Discovered new exit (range 16) 476 | -10/Materials | Discovered new exit (range 5) 554 | -10/Materials | Discovered new exit (range 15) 588 | -10/Materials | Discovered new exit (range 13) 1226 | -10/Materials | Identified exit to Mines 1268 | -10/Materials | Central database locked down 1516 | -10/Materials | Repaired Lgt. Treads 1542 | -10/Materials | Repaired Lgt. Treads 1631 | -10/Materials | Entered Mines 1665 | -10/Mines | Discovered new exit (range 11) 1718 | -10/Mines | Met a Derelict bent on vengeance 1718 | -10/Mines | Discovered new exit (range 11) 1963 | -10/Mines | Assembled infested the area 1968 | -10/Mines | Assisted by a Guerilla fighting off Assembled 2367 | -10/Mines | Entered Materials 2367 | -9/Materials | Evolved 2 slots: Utility x1, Weapon x1 2550 | -9/Materials | Discovered new exit (range 6) 2628 | -9/Materials | Identified exit to Mines 2685 | -9/Materials | Discovered new exit (range 16) 2963 | -9/Materials | Build established: Tank 3209 | -9/Materials | Discovered new exit (range 3) 4146 | -9/Materials | Repaired Lgt. Armor Plating 4495 | -9/Materials | Entered Mines 4781 | -9/Mines | Learned Materials terminal intel 4785 | -9/Mines | A Derelict revealed a hidden shortcut to a safe place 4859 | -9/Mines | Learned 2 Materials zone layouts 4988 | -9/Mines | Found the Drone Emporium 4995 | -9/Mines | Found Prototype Device 4995 | -9/Mines | Identified Bomb Drone Bay 5071 | -9/Mines | Found a damaged Exp. Sensor Array with a note attached 5075 | -9/Mines | Found Prototype Device 5075 | -9/Mines | Identified Exp. Sensor Array 5208 | -9/Mines | Discovered new exit (range 9) 5407 | -9/Mines | Entered Zion 5703 | -7/Zion | Discovered new exit (range 11) 5932 | -7/Zion | Found Prototype Device 5932 | -7/Zion | Identified Phasing AFG 6035 | -7/Zion | Given the Hacking Drone Bay 6039 | -7/Zion | Found Prototype Device 6097 | -7/Zion | Given A8's code to call for help 6230 | -7/Zion | Found CR-A16's Pointy Stick 6276 | -7/Zion | Learned 12 Factory zone layouts 6306 | -7/Zion | Learned location of Storage (-7) 6859 | -7/Zion | Found Prototype Special Weapon 6859 | -7/Zion | Identified RU-N14's Throwing Claymores 6879 | -7/Zion | Found RU-N14's Throwing Claymores 7077 | -7/Zion | Met Imprinter 7601 | -7/Zion | Discovered new exit (range 5) 7604 | -7/Zion | Saw the warning signs outside the Deep Caves entrance 7611 | -7/Zion | Entered Deep Caves 7872 | -7/Deep Caves | Attacked by Z-Imprinter 7872 | -7/Deep Caves | Z-Facility disabled 7905 | -7/Deep Caves | Destroyed Z-Imprinter 7925 | -7/Deep Caves | Lost 3 parts (1p1u1w) 7940 | -7/Deep Caves | Core integrity fell below 50% 8001 | -7/Deep Caves | Core integrity fell below 20% 8016 | -7/Deep Caves | Destroyed by K9-2JE(z) with Zionite Laser-S Last Messages --------------- 07928_ YE-P7Z(o) destroyed. 07931_ Destroyed Datajack. 07931_ 14-SRJ(o) suffers critical hit (Burn). 07935_ Hover Unit melted. 07935_ 14-SRJ(o) destroyed. 07939_ Z-Power explodes. 07939_ J1-VQN(o) destroyed. 07939_ Destroyed Lgt. Ion Engine. 07939_ Destroyed Hover Unit. 07939_ 2F-IS2(o) destroyed. 07939_ Imp. Medium Laser destroyed. 07939_ Destroyed Imp. Medium Laser. 07939_ Reactive Plating destroyed. 07939_ Destroyed Reactive Plating. 07990_ Destroyed Prototype Hover Unit. 07997_ Assault Cannon destroyed. 08015_ Destroyed Phase Shifter. 08015_ 5R-4XC(z) destroyed. 08015_ Destroyed Imp. Reaction Control System. 08015_ 3Z-RMA(z) destroyed. Map ----- +----------------------------------------------------+ | | | | | | | | | | | | | ?????????????????????????????????????????????????? | | ?????????????????????????????????????###?????????? | | ?????????????????????????????????? #????????? | | ???????????????????????????????? ?????###? | | ???????????????#??? ?????????? ###### ## | | ???????????? # #?? ## ?????? ## # # | | ????????? ## ???? # | | ??????? ????? | | ????? ?????? | | ????? ????? | | ???? ??? ? | | ???? """??? """""" | | ??? """""?""""" "" | | ??? """""""" " | | ??? """"""""" | | ?? """"""" " | | ?? """""" | | ?# """" | | ? z "" | | ?# ""@ | | ?# z [* | | ?# !%z* | | ?? =%! | | ?? | | ??? | | ??? | | ??? | | ???? | | ???? | | ????? | | ????? | | ?????? | | ??????? | | ???????? | | ????????? ? | | ?????????? ?? | | ??????????? ??? | | ???????????? ???? | | ????????????? ????? | | ??????????????? ?????? | | ???????????????? ??????? | | ?????????????????? ???????? | | ???????????????????? ?????????? | | ??????????????????????? ???????????? | +----------------------------------------------------+ Best States ------------- Heat Dissipation 48 Energy Generation 10 Energy Capacity 250 Matter Stores 300 Matter Capacity 300 Sight Range 16 Robot Scan Range 20 Terrain Scan Density 10 Armor Coverage 150 Resistance: KI 40 Resistance: TH 20 Resistance: EX 20 Resistance: EM 20 Resistance: I 20 Resistance: S 20 Resistance: P 20 Evasion (%) 50 Targeting Accuracy 5 Recoil Reduction 2 Offensive Hacking 10 Item Schematics ----------------- Imp. Treads | -9/Materials | Hacked Plasma Cutter | -9/Materials | Scanalyzed Seismic Detector | -9/Materials | Extracted ECM Suite | -9/Materials | Extracted Datajack | -9/Materials | Extracted Imp. Targeting Computer | -9/Materials | Scanalyzed Hvy. Hammer | -9/Materials | Extracted Cooling System | -9/Materials | Extracted Hvy. Flak Cannon | -7/Zion | Archive Powered Hammer | -7/Zion | Archive Flak Gun | -7/Zion | Archive Power Amplifier | -7/Zion | Archive Robot Schematics ------------------ Y-45 Defender | -7/Zion | Archive M-28 Smith | -7/Zion | Archive Fabricated ------------ Nothing Alien Tech Used ----------------- None Achievements -------------- Are We The Baddies? Signs Are For Wimps Challenges ------------ None Game ------ Seed HardcellCompanionPenetrator Manual? 0 Play Time 00:56:44 Cumulative 42.5 hours Start 2024.08.22 @ 17:28:51 End 2024.08.22 @ 18:24:45 Sessions 1 Manual Loads 0 Difficulty Adventurer Special Mode None Game No. 28 Rogue 0 Adventurer 28 Explorer 0 Win Type - Total 0 Types 0/0/0/0/0/0/0/0/0 Lore% 32 Gallery% 38 Achievement% 39 Wizard Run 0 Options --------- Layout 1 ASCII 0 Keyboard 0 Movement Numpad Keybinds 0 Fullscreen 1 Font 48/Smallcaps Map View 50x35 Zoom Use 0% Tactical HUD 1 Map Filters NONE Filters NONE Steam 1 RUN: 09a6650e-d001-44b2-b942-0d8b000ddb84